SNL (28 & UNDER)
BLACKIRON DRAGONS @ GAINESVILLE GUIDOS
06/28/2025
 
TOP OF THE 1ST
BlackIron Dragons batting - Pitching for Gainesville Guidos : RHP Ronald Adams
Pitching: RHP Ronald Adams
Batting: RHB Mark Arnold 0-0: Called Strike
0-1: Foul Ball, location: 2F
0-2: Foul Ball, location: 2F
0-2: Strikes out swinging
Batting: RHB Boyd Pittman 0-0: Ball
1-0: Foul Ball, location: 2F
1-1: Foul Ball, location: 2F
1-2: Ball
2-2: Ball
3-2: Strikes out swinging
Batting: RHB Jesús Cruz 0-0: Called Strike
0-1: Foul Ball, location: 2F
0-2: Ball
1-2: Foul Ball, location: 2F
1-2: Ground out 6-3 (Groundball, 6M)
Top of the 1st over - 0 run(s), 0 hit(s), 0 error(s), 0 left on base; BlackIron 0 - Gainesville 0
BOTTOM OF THE 1ST
Gainesville Guidos batting - Pitching for BlackIron Dragons : RHP Augusto Méndez
Pitching: RHP Augusto Méndez
Batting: RHB Noriyori Ine 0-0: Ball
1-0: Foul Ball, location: 2F
1-1: Ball
2-1: Foul Ball, location: 2F
2-2: Foul Ball, location: 2F
2-2: Ball
3-2: Foul Ball, location: 2F
3-2: Foul Ball, location: 2F
3-2: Strikes out looking
Batting: RHB Ben Morton 0-0: Ball
1-0: Foul Ball, location: 2F
1-1: Swinging Strike
1-2: Ball
2-2: Ground out 6-3 (Groundball, 6M)
Batting: LHB Mark Owens 0-0: Ground out 1-3 (Groundball, 15S)
Bottom of the 1st over - 0 run(s), 0 hit(s), 0 error(s), 0 left on base; BlackIron 0 - Gainesville 0
TOP OF THE 2ND
BlackIron Dragons batting - Pitching for Gainesville Guidos : RHP Ronald Adams
Batting: LHB Culley Vaughan 0-0: Ball
1-0: Swinging Strike
1-1: Swinging Strike
1-2: Strikes out looking
Batting: RHB Doug O'Brien 0-0: Called Strike
0-1: Ball
1-1: Ball
2-1: Foul Ball, location: 2F
2-2: Strikes out looking
Batting: RHB Frank Maxwell 0-0: Called Strike
0-1: Swinging Strike
0-2: Ball
1-2: Ball
2-2: Foul Ball, location: 2F
2-2: Strikes out swinging
Top of the 2nd over - 0 run(s), 0 hit(s), 0 error(s), 0 left on base; BlackIron 0 - Gainesville 0
BOTTOM OF THE 2ND
Gainesville Guidos batting - Pitching for BlackIron Dragons : RHP Augusto Méndez
Batting: LHB Ed Murray 0-0: Foul Ball, location: 2F
0-1: SINGLE (Line Drive, 4D)
Batting: RHB Kurt Walter 0-0: Called Strike
0-1: Swinging Strike
0-2: Ball
1-2: Strikes out swinging
Batting: LHB Eddy Jefferson 0-0: Called Strike
0-1: Swinging Strike
0-2: Foul Ball, location: 2F
0-2: Strikes out swinging
Ed Murray steals 2nd base
Batter strikes out.
Batting: LHB António Cedeńo 0-0: Called Strike
0-1: Foul Ball, location: 2F
0-2: Foul Ball, location: 2F
0-2: Ball
1-2: Foul Ball, location: 2F
1-2: Ground out 4-3 (Groundball, 4M)
Bottom of the 2nd over - 0 run(s), 1 hit(s), 0 error(s), 1 left on base; BlackIron 0 - Gainesville 0
TOP OF THE 3RD
BlackIron Dragons batting - Pitching for Gainesville Guidos : RHP Ronald Adams
Batting: RHB Preston MacLyan 0-0: Foul Ball, location: 2F
0-1: Ball
1-1: SINGLE (Flyball, 78S)
Batting: LHB Pedro Rodríguez 0-0: Foul Ball, location: 2F
0-1: Swinging Strike
0-2: Ball
1-2: Foul Ball, location: 2F
1-2: SINGLE (Groundball, 6MD)
Preston MacLyan to second
Batting: RHB Eugene Payne 0-0: Foul Ball, location: 2F
0-1: Ball
Wild Pitch!
Preston MacLyan to third
Pedro Rodríguez to second
1-1: Ball
2-1: Foul Ball, location: 2F
2-2: Foul Ball, location: 2F
2-2: Ball
3-2: Ground out 4-3 (Groundball, 4M)
Preston MacLyan scores
Pedro Rodríguez to third
Batting: RHB Mark Arnold 0-0: Swinging Strike
0-1: Ground out 6-3 (Groundball, 6M)
Pedro Rodríguez scores
Batting: RHB Boyd Pittman 0-0: Ball
1-0: Ground out U3 (Groundball, 3)
Top of the 3rd over - 2 run(s), 2 hit(s), 0 error(s), 0 left on base; BlackIron 2 - Gainesville 0
BOTTOM OF THE 3RD
Gainesville Guidos batting - Pitching for BlackIron Dragons : RHP Augusto Méndez
Batting: RHB Iván Moreno 0-0: Foul Ball, location: 2F
0-1: Ground out 6-3 (Groundball, 6)
Batting: RHB Dave Hall 0-0: Called Strike
0-1: Ground out 4-3 (Groundball, 4M)
Batting: RHB Noriyori Ine 0-0: Ball
1-0: Called Strike
1-1: Ball
2-1: Swinging Strike
2-2: Ground out 6-3 (Groundball, 6)
Bottom of the 3rd over - 0 run(s), 0 hit(s), 0 error(s), 0 left on base; BlackIron 2 - Gainesville 0
TOP OF THE 4TH
BlackIron Dragons batting - Pitching for Gainesville Guidos : RHP Ronald Adams
Batting: RHB Jesús Cruz 0-0: Ball
1-0: Ball
2-0: Foul Ball, location: 2F
2-1: Swinging Strike
2-2: Strikes out swinging
Batting: LHB Culley Vaughan 0-0: Ball
1-0: Ground out U3 (Groundball, 3)
Batting: RHB Doug O'Brien 0-0: Fly out, F9 (Line Drive, 89M)
Top of the 4th over - 0 run(s), 0 hit(s), 0 error(s), 0 left on base; BlackIron 2 - Gainesville 0
BOTTOM OF THE 4TH
Gainesville Guidos batting - Pitching for BlackIron Dragons : RHP Augusto Méndez
Batting: RHB Ben Morton 0-0: Swinging Strike
0-1: Foul Ball, location: 2F
0-2: Ball
1-2: Foul Ball, location: 2F
1-2: Foul Ball, location: 2F
1-2: Ball
2-2: Foul Ball, location: 2F
2-2: Fly out, F9 (Flyball, 9LMF)
Batting: LHB Mark Owens 0-0: Ball
1-0: Ball
2-0: Called Strike
2-1: Swinging Strike
2-2: Strikes out swinging
Batting: LHB Ed Murray 0-0: Foul Ball, location: 2F
0-1: Foul Ball, location: 2F
0-2: Ball
1-2: Foul Ball, location: 2F
1-2: Ball
2-2: Foul Ball, location: 2F
2-2: TRIPLE (Line Drive, 3D)
Batting: RHB Kurt Walter 0-0: Called Strike
0-1: Ball
1-1: Called Strike
1-2: Foul Ball, location: 2F
1-2: Ball
2-2: Ball
3-2: Foul Ball, location: 2F
3-2: Foul Ball, location: 2F
3-2: Strikes out looking
Bottom of the 4th over - 0 run(s), 1 hit(s), 0 error(s), 1 left on base; BlackIron 2 - Gainesville 0
TOP OF THE 5TH
BlackIron Dragons batting - Pitching for Gainesville Guidos : RHP Ronald Adams
Batting: RHB Frank Maxwell 0-0: Ball
1-0: Foul Ball, location: 2F
1-1: SINGLE (Groundball, 56)
Batting: RHB Preston MacLyan 0-0: Foul Ball, location: 2F
0-1: Called Strike
0-2: Strikes out looking
Batting: LHB Pedro Rodríguez 0-0: Fielders Choice at 2nd, 4-6 (Groundball, 4)
Batting: RHB Eugene Payne 0-0: Ball
1-0: Ground out 5-3 (Groundball, 5S)
Top of the 5th over - 0 run(s), 1 hit(s), 0 error(s), 1 left on base; BlackIron 2 - Gainesville 0
BOTTOM OF THE 5TH
Gainesville Guidos batting - Pitching for BlackIron Dragons : RHP Augusto Méndez
Batting: LHB Eddy Jefferson 0-0: Ball
1-0: Reached on error, E5 (Groundball, 56S)
Batting: LHB António Cedeńo 0-0: Called Strike
0-1: Ball
1-1: Foul Ball, location: 2F
1-2: Foul Ball, location: 2F
1-2: Strikes out swinging
Batting: RHB Iván Moreno 0-0: Ball
Eddy Jefferson is caught stealing 2nd base
1-0: Ball
2-0: Ground out 6-3 (Groundball, 6)
Bottom of the 5th over - 0 run(s), 0 hit(s), 1 error(s), 0 left on base; BlackIron 2 - Gainesville 0
TOP OF THE 6TH
BlackIron Dragons batting - Pitching for Gainesville Guidos : RHP Ronald Adams
Batting: RHB Mark Arnold 0-0: Called Strike
0-1: Foul Ball, location: 2F
0-2: Ball
1-2: Foul Ball, location: 2F
1-2: Foul Ball, location: 2F
1-2: Strikes out looking
Batting: RHB Boyd Pittman 0-0: Called Strike
0-1: Called Strike
0-2: Strikes out looking
Batting: RHB Jesús Cruz 0-0: Ball
1-0: Ball
2-0: Called Strike
2-1: Ball
3-1: SOLO HOME RUN (Flyball, 9D), Distance : 371 ft
Batting: LHB Culley Vaughan 0-0: Ball
1-0: Foul Ball, location: 2F
1-1: Foul Ball, location: 2F
1-2: Strikes out looking
Top of the 6th over - 1 run(s), 1 hit(s), 0 error(s), 0 left on base; BlackIron 3 - Gainesville 0
BOTTOM OF THE 6TH
Gainesville Guidos batting - Pitching for BlackIron Dragons : RHP Augusto Méndez
Batting: RHB Dave Hall 0-0: Swinging Strike
0-1: Ball
1-1: Ground out 6-3 (Groundball, 6MS)
Batting: RHB Noriyori Ine 0-0: Swinging Strike
0-1: Swinging Strike
0-2: Strikes out looking
Batting: RHB Ben Morton 0-0: Ball
1-0: Swinging Strike
1-1: Swinging Strike
1-2: Strikes out swinging
Bottom of the 6th over - 0 run(s), 0 hit(s), 0 error(s), 0 left on base; BlackIron 3 - Gainesville 0
TOP OF THE 7TH
BlackIron Dragons batting - Pitching for Gainesville Guidos : RHP Ronald Adams
Batting: RHB Doug O'Brien 0-0: Called Strike
0-1: Called Strike
0-2: Ball
1-2: Ball
2-2: Strikes out swinging
Batting: RHB Frank Maxwell 0-0: Foul Ball, location: 2F
0-1: Swinging Strike
0-2: Ball
1-2: Strikes out swinging
Batting: RHB Preston MacLyan 0-0: Swinging Strike
0-1: Called Strike
0-2: Strikes out looking
Top of the 7th over - 0 run(s), 0 hit(s), 0 error(s), 0 left on base; BlackIron 3 - Gainesville 0
BOTTOM OF THE 7TH
Gainesville Guidos batting - Pitching for BlackIron Dragons : RHP Augusto Méndez
Batting: LHB Mark Owens 0-0: Fly out, F9 (Flyball, 9S)
Batting: LHB Ed Murray 0-0: Called Strike
0-1: Ball
1-1: Ball
2-1: Swinging Strike
2-2: Strikes out looking
Batting: RHB Kurt Walter 0-0: Ball
1-0: Foul Ball, location: 2F
1-1: Fly out, F7 (Flyball, 78S)
Bottom of the 7th over - 0 run(s), 0 hit(s), 0 error(s), 0 left on base; BlackIron 3 - Gainesville 0
TOP OF THE 8TH
BlackIron Dragons batting - Pitching for Gainesville Guidos : RHP Ronald Adams
Pitching: RHP Lance Sanders
Batting: LHB Pedro Rodríguez 0-0: Ground out 4-3 (Groundball, 4)
Batting: RHB Eugene Payne 0-0: Ground out 1-3 (Groundball, 2L)
Batting: RHB Mark Arnold 0-0: Ball
1-0: Ground out 5-3 (Groundball, 56)
Top of the 8th over - 0 run(s), 0 hit(s), 0 error(s), 0 left on base; BlackIron 3 - Gainesville 0
BOTTOM OF THE 8TH
Gainesville Guidos batting - Pitching for BlackIron Dragons : RHP Augusto Méndez
Pitching: LHP Roberto Ontiveros
Batting: LHB Eddy Jefferson 0-0: Ball
1-0: Foul Ball, location: 2F
1-1: Fly out, F9 (Flyball, 9D)
Batting: LHB António Cedeńo 0-0: Ball
1-0: Called Strike
1-1: Foul Ball, location: 2F
1-2: Ball
2-2: Strikes out swinging
Batting: RHB Iván Moreno 0-0: Called Strike
0-1: Foul Ball, location: 2F
0-2: Foul Ball, location: 2F
0-2: Foul Ball, location: 2F
0-2: Foul Ball, location: 2F
0-2: Fly out, F9 (Flyball, 9M)
Bottom of the 8th over - 0 run(s), 0 hit(s), 0 error(s), 0 left on base; BlackIron 3 - Gainesville 0
TOP OF THE 9TH
BlackIron Dragons batting - Pitching for Gainesville Guidos : RHP Lance Sanders
Pitching: RHP Juan Mora
Batting: RHB Boyd Pittman 0-0: Ball
1-0: Swinging Strike
1-1: Ball
2-1: Called Strike
2-2: Strikes out looking
Batting: RHB Jesús Cruz 0-0: Ball
1-0: Called Strike
1-1: Fly out, F3 (Popup, 3DF)
Batting: LHB Culley Vaughan 0-0: Ball
1-0: DOUBLE (Flyball, 89M)
Batting: RHB Doug O'Brien 0-0: SINGLE (Groundball, 6MD)
Culley Vaughan to third
Runner from 3rd tries for Home, SAFE, no throw or cutoff
Batting: RHB Frank Maxwell 0-0: Foul Ball, location: 2F
0-1: Foul Ball, location: 2F
0-2: Strikes out swinging
Top of the 9th over - 1 run(s), 2 hit(s), 0 error(s), 1 left on base; BlackIron 4 - Gainesville 0
BOTTOM OF THE 9TH
Gainesville Guidos batting - Pitching for BlackIron Dragons : LHP Roberto Ontiveros
Pitching: RHP Clayton Hawkins
Batting: RHB Dave Hall 0-0: Ball
1-0: Called Strike
1-1: Ground out 3-1 (Groundball, 23)
Batting: RHB Noriyori Ine 0-0: Called Strike
0-1: SINGLE (Line Drive, 6MD)
Batting: RHB Ben Morton 0-0: Ball
1-0: Ball
2-0: Grounds into double play, 5-4-3 (Groundball, 56)
Bottom of the 9th over - 0 run(s), 1 hit(s), 0 error(s), 0 left on base; BlackIron 4 - Gainesville 0
This league is powered by Out of the Park Baseball, the baseball management simulation game for PC, Mac and Linux
Tuesday, August 2nd, 2016 - OOTP Baseball 16.8 Build 38